 Dungeon Crawl Stone Soup version 0.30-a0-12-gd8047c6341 (webtiles) character file.

Game seed: 15607698976998224746

1081 siradein the Insei (level 8, -5/43 HPs)
             Began as a Vine Stalker Monk on Aug 23, 2022.
             Killed from afar by a steam dragon (6 damage)
             ... with a ball of steam
             ... on level 5 of the Dungeon.
             The game lasted 00:09:31 (5005 turns).

siradein the Insei (Vine Stalker Monk)              Turns: 5005, Time: 00:09:32

Health: -5/43      AC: 12    Str: 16    XL:     8   Next: 29%
Magic:  0/23       EV:  8    Int: 10    God:
Gold:   134        SH:  0    Dex: 17    Spells: 14/14 levels left

rFire   . . .      SeeInvis .      - Unarmed
rCold   . . .      Faith    .    (no shield)
rNeg    . . .      Spirit   +    a - +0 chain mail
rPois   .          Reflect  +    l - +2 hat
rElec   .          Harm     .    (no cloak)
rCorr   +          Rampage  .    p - +0 pair of gloves
Will    +....                    (no boots)
Stlth   ..........               r - amulet of reflection
HPRegen 0.94/turn                e - ring of resist corrosion
MPRegen 0.18/turn                h - ring of magical power

@: confused, ambrosia-drunk
A: fangs 3, regeneration 1, magic shield, antimagic bite, no potion heal 2
a: no special abilities


You were on level 5 of the Dungeon.
You visited 1 branch of the dungeon, and saw 5 of its levels.

You collected 247 gold pieces.
You spent 113 gold pieces at shops.

Inventory:

Missiles
 t - 3 boomerangs (quivered)
Armour
 a - a +0 chain mail (worn)
 l - a +2 hat (worn)
 p - a +0 pair of gloves (worn)
Jewellery
 e - a ring of resist corrosion (left hand)
 h - a ring of magical power (right hand)
 r - an amulet of reflection (around neck)
 x - a ring of magical power
Wands
 v - a wand of flame (10)
Scrolls
 d - a scroll of amnesia
 g - a scroll of magic mapping
 o - 2 scrolls of fear {unknown}
 q - 2 scrolls of immolation {unknown}
 u - a scroll of teleportation {unknown}
 w - a scroll of poison {unknown}
 y - a scroll of identify
Potions
 c - 3 potions of curing
 f - a potion of cancellation
 i - a potion of attraction {unknown}
 j - 2 potions of magic
 k - a potion of mutation
 m - 2 potions of lignification
 n - a potion of might
 s - a potion of haste {unknown}


   Skills:
 + Level 5.0 Fighting
 + Level 3.0 Armour
 + Level 4.0 Dodging
 - Level 2.4 Stealth
 + Level 5.5 Unarmed Combat
 + Level 3.6 Spellcasting


You had 14 spell levels left.
You didn't know any spells.
Your spell library contained the following spells:

 Spells                   Type           Power      Damage    Failure   Level
 Foxfire                  Conj/Fire      4%         2x1d4     99%         1
 Conjure Flame            Conj/Fire      1%         6-21      100%        3
 Dazzling Flash           Conj/Hex       2%         N/A       100%        3
 Inner Flame              Hex/Fire       1%         N/A       100%        3
 Flame Wave               Conj/Fire      1%         2d4       100%        4
 Agony                    Necr           1%         N/A       100%        5
 Silence                  Hex/Air        0%         N/A       100%        5


Dungeon Overview and Level Annotations

Branches:
Dungeon (5/15)
 Temple: D:4-7

Altars:

Shops:
D:1 [   D:2 !   D:3 !   D:5 [


Innate Abilities, Weirdness & Mutations

You have razor-sharp teeth.
Your natural rate of healing is unusually fast.
When hurt, damage is shared between your health and your magic reserves.
Your bite disrupts and absorbs the magic of your enemies.
Potions cannot restore your health.


Message History

The ball of steam misses you.
You hit the steam dragon but do no damage.
Your bite misses the steam dragon.
The steam dragon is severely wounded.
You are engulfed in a cloud of scalding steam.
The steam dragon breathes steam at you. The ball of steam hits you!
* * * LOW HITPOINT WARNING * * *
The ball of steam hits the fungus!
The fungus begins to die.
The steam dragon breathes steam at you. The ball of steam hits you.
* * * LOW HITPOINT WARNING * * *
You are confused.
Your system rejects the healing.
You feel invigorated.
The fungus is engulfed in a cloud of scalding steam.
The steam dragon bites you.
* * * LOW HITPOINT WARNING * * *
The steam dragon claws you.
* * * LOW HITPOINT WARNING * * *
The steam dragon barely misses you.
The steam dragon claws you but does no damage.
Unknown command.
The fungus is engulfed in a cloud of scalding steam.
The steam dragon bites you.
* * * LOW HITPOINT WARNING * * *
The steam dragon claws you but does no damage.
The steam dragon bites you.
* * * LOW HITPOINT WARNING * * *
The steam dragon claws you but does no damage.
Unknown command.
You hit the fungus. Your bite misses the fungus.
The fungus is moderately damaged.
The fungus is engulfed in a cloud of scalding steam.
The steam dragon breathes steam at you. The ball of steam hits you!
* * * LOW HITPOINT WARNING * * *
The ball of steam hits the fungus!
The steam dragon breathes steam at you. The ball of steam hits you!
You die...

.)....# #.#
#.############.#.# #
.)....###.###.# #>#.# #
............#.# ####.#.#
# ####.####.#.#.#
#....#.# # # #># #.#...#
#.####.# # . ... #.#####
#.# #.# # ## #..#
####~~## #.# #.####
#~PP.P~#######.# ####≈.
#P...PD@P§.~~#######.~≈~
......D...§§......PPPPPP
~....PP~..~..~P~........
~?...^.#########~~~~.~..
#


#PPP~P# ########~ ##P.^# ## #### You could see 2 steam dragons.

Vanquished Creatures
  Grinder (D:5)
  A water moccasin (D:5)
  A black bear (D:5)
  2 ogres
  A scorpion (D:4)
  A hound (D:4)
  2 orc priests (D:5)
  2 jellies
  Natasha (twice) (D:3)
  An iguana (D:5)
  4 orc wizards
  2 adders
  An ufetubus (D:4)
  4 worms
  3 dart slugs
  11 orcs
  6 ball pythons
  7 endoplasms
  5 giant cockroaches
  2 goblins
  10 hobgoblins
  6 jackals
  4 quokkas
  6 bats
  7 frilled lizards
  8 kobolds
  3 rats
103 creatures vanquished.

Vanquished Creatures (others)
  Natasha (D:3)
  3 fungi (D:5)
4 creatures vanquished.

Grand Total: 107 creatures vanquished

Notes
Turn   | Place    | Note
-------+----------+-------------------------------------------
     0 | D:1      | siradein the Vine Stalker Monk began the quest for the Orb.
     0 | D:1      | Reached XP level 1. HP: 11/11 MP: 2/2
   212 | D:1      | Found Nifual's Armour Boutique.
   464 | D:1      | Reached XP level 2. HP: 8/16 MP: 1/3
  1299 | D:1      | Reached XP level 3. HP: 16/20 MP: 2/4
  1831 | D:2      | Found Baettiep's Distillery.
  1840 | D:2      | Bought a potion of curing for 36 gold pieces
  2888 | D:3      | Gained mutation: Your natural rate of healing is unusually
                  | fast. [Vine Stalker growth]
  2888 | D:3      | Reached XP level 4. HP: 24/24 MP: 5/5
  2946 | D:3      | Noticed Natasha
  2960 | D:3      | Killed Natasha
  2963 | D:3      | Noticed Natasha
  2972 | D:3      | Killed Natasha
  2989 | D:3      | Noticed Natasha
  3004 | D:3      | Killed Natasha
  3005 | D:3      | Reached XP level 5. HP: 17/29 MP: 4/7
  3047 | D:3      | Reached skill level 1 in Spellcasting
  3055 | D:3      | Found Kiabaah's Distillery.
  3089 | D:3      | Reached skill level 1 in Armour
  3096 | D:3      | Bought a potion of lignification for 33 gold pieces
  3096 | D:3      | Bought a potion of might for 44 gold pieces
  3864 | D:4      | Reached XP level 6. HP: 26/33 MP: 5/9
  4194 | D:4      | Reached XP level 7. HP: 18/37 MP: 6/11
  4239 | D:4      | Identified the +1 hand axe "Murmur" {freeze, *Corrode
                  | Dex+5}
  4514 | D:5      | Entered Level 5 of the Dungeon
  4547 | D:5      | Found Ajaziu's Armour Boutique.
  4602 | D:5      | Reached skill level 5 in Unarmed Combat
  4760 | D:5      | Noticed Grinder
  4776 | D:5      | Gained mutation: You have razor-sharp teeth. [Vine Stalker
                  | growth]
  4776 | D:5      | Reached XP level 8. HP: 36/42 MP: 13/13
  4786 | D:5      | Killed Grinder
  4787 | D:5      | Reached skill level 5 in Fighting
  5005 | D:5      | HP: 1/43 [steam dragon/ball of steam (3)]
  5005 | D:5      | Killed from afar by a steam dragon

Illustrated notes

Levels and vault maps discovered:
D:1:      lightli_arrival_farm, layout_basic, serial_shops, shop
D:2:      layout_basic, serial_shops, nicolae_square_shop
D:3:      layout_basic, serial_shops, nicolae_shop_statue_plus, uniq_natasha
D:4:      layout_cave_pools, minmay_misc_feat_diagonals,
          minmay_fractal_squares_diagonal_5
D:5:      kennysheep_steamy, layout_loops_ring, serial_shops, shop_fountains,
          chequers_serial_rivers_room_a, minivault_4, uniq_grinder

Skill      XL: |  1  2  3  4  5  6  7  8 |
---------------+-------------------------+-----
Fighting       | 3 4 5 |  5.0
Unarmed Combat | 4 5 |  5.5
Spellcasting   | 1 2 3 |  3.6
Armour         | 1 2 3 |  3.0
Dodging        | 3 4 |  4.0
Stealth        | |  2.4

Action                   |  1- 3 |  4- 6 |  7- 9 || total
-------------------------+-------+-------+-------++-------
Melee: Unarmed           |   138 |   166 |   116 ||   420
       Bite              |    36 |    38 |    46 ||   120
       Punch             |     5 |     2 |     4 ||    11
  Use: Scroll            |       |     6 |       ||     6
       Potion            |       |       |     1 ||     1
 Stab: Sleeping          |     3 |     1 |       ||     4
Armor: Robe              |     1 |       |       ||     1
       Leather armour    |    17 |       |       ||    17
       Ring mail         |    18 |    54 |       ||    72
       Chain mail        |       |     2 |    69 ||    71
Dodge: Dodged            |    77 |    79 |    49 ||   205
Block: Other             |       |       |    29 ||    29

Table legend: (Time is in decaauts)
 A = Elapsed time spent in this place.
 B = Non-inter-level travel time spent in this place.
 C = Inter-level travel time spent in this place.
 D = Time resting spent in this place.
 E = Time spent auto-exploring this place.
 F = Levels seen in this place.
 G = Mean time per level.
                   A        B        C        D        E       F      G
               +--------+--------+--------+--------+--------+-----+--------+
         Total |   4997 |   4803 |    194 |      0 |   3931 |   5 |  999.4 |
       Dungeon |   4997 |   4803 |    194 |      0 |   3931 |   5 |  999.4 |
               +--------+--------+--------+--------+--------+-----+--------+

Top non-repeatable levels by time:
     D:1: 1763 daAuts
     D:2: 1122 daAuts
     D:3: 886 daAuts
     D:4: 743 daAuts
     D:5: 481 daAuts
